Map: Lost and Found LE

Players

Nerchio - Winner!

  • Race: Zerg Zerg
  • Spawn Location: 1:00

DisK

  • Race: Protoss Protoss
  • Spawn Location: 7:00

Event: WCS Montreal 2018

VOD

Have the link to the VOD?

Description

Time

  • Played on: Sept. 7, 2018, 2:05 p.m.
  • Length: 24:41

All games in this series

Show
View Real Time Build Order
Export as new Build Order

Nerchio Zerg - Winner!

Build Orders: Hatch First, Brood Lord Corruptor 

Get SALT Encoding   

  12  0:01  Drone  
  13  0:12  Overlord  
  13  0:17  Drone  
  14  0:31  Drone x2  
  14  0:35  Drone  
  17  0:52  Hatchery  
  17  0:55  Drone  
  17  0:58  Drone  
  17  1:01  Extractor  
  17  1:13  Spawning Pool  
  17  1:17  Drone  
  17  1:20  Drone  
  18  1:28  Drone  
  19  1:38  Overlord  
  19  1:50  Drone  
  20  2:00  Queen  
  22  2:01  Metabolic Boost  
  22  2:03  Queen  
  22  2:08  Zergling x2  
  25  2:09  Zergling x2  
  25  2:13  Drone  
  27  2:16  Drone  
  27  2:21  Drone  
  29  2:37  Hatchery  
  28  2:38  Drone  
  28  2:41  Drone  
  30  2:44  Drone  
  30  2:46  Drone  
  32  2:52  Overlord  
  32  3:02  Drone  
  32  3:03  Drone  
  33  3:07  Overlord  
  33  3:09  Drone x3  
  33  3:12  Drone  
  37  3:13  Drone  
  37  3:16  Drone  
  39  3:22  Queen  
  41  3:29  Spore Crawler, Drone  
  41  3:30  Drone  
  41  3:33  Drone  
  43  3:37  Overlord  
  43  3:39  Drone  
  44  3:44  Queen  
  44  3:48  Overlord  
  46  3:51  Drone x2  
  46  3:54  Overlord  
  48  3:58  Spore Crawler  
  48  4:00  Drone  
  48  4:05  Roach Warren  
  48  4:07  Drone  
  48  4:08  Drone  
  48  4:09  Drone  
  50  4:15  Drone  
  50  4:16  Drone x3  
  54  4:18  Drone  
  54  4:20  Drone  
  54  4:21  Extractor  
  55  4:25  Lair  
  55  4:29  Drone x2  
  55  4:32  Drone x2  
  55  4:34  Drone  
  55  4:35  Drone  
  58  4:38  Extractor  
  58  4:45  Roach x4  
  65  4:48  Roach  
  65  4:49  Roach  
  71  4:52  Roach  
  71  4:55  Overlord  
  71  4:57  Overlord  
  71  4:59  Roach  
  73  5:02  Overlord  
  73  5:15  Evolution Chamber, Overlord  
  72  5:24  Overseer, Glial Reconstitution  
  72  5:27  Drone x12  
  84  5:30  Spore Crawler  
  84  5:34  Hydralisk Den  
  84  5:35  Drone x2  
  82  5:36  Drone  
  82  5:38  Drone  
  82  5:41  Overlord  
  84  5:44  Zerg Melee Weapons Level 1  
  84  5:46  Drone  
  84  5:47  Drone  
  84  5:48  Drone  
  84  5:49  Drone  
  88  5:54  Drone x2  
  88  5:55  Drone x3  
  92  5:59  Extractor  
  92  6:00  Drone x3  
  92  6:01  Extractor, Drone  
  92  6:02  Drone  
  92  6:03  Drone  
  96  6:06  Muscular Augments  
  96  6:14  Hydralisk  
  96  6:15  Spore Crawler  
  96  6:18  Spore Crawler  
  96  6:19  Overlord  
  96  6:20  Overlord x2  
  96  6:22  Spore Crawler  
  96  6:23  Drone x3  
  93  6:26  Overlord  
  93  6:28  Overlord  
  93  6:31  Extractor  
  92  6:34  Spore Crawler  
  92  6:35  Spore Crawler  
  92  6:36  Drone x3  
  92  6:37  Drone  
  92  6:38  Drone  
  92  6:39  Drone  
  96  6:51  Hydralisk x2  
  100  6:54  Hatchery  
  100  7:00  Pneumatized Carapace  
  99  7:02  Hydralisk x3  
  99  7:03  Hydralisk  
  107  7:10  Hydralisk x2  
  111  7:16  Hydralisk x3  
  111  7:18  Grooved Spines  
  117  7:23  Hydralisk  
  117  7:24  Hydralisk, Baneling Nest  
  117  7:26  Hydralisk  
  117  7:27  Hydralisk  
  124  7:31  Hydralisk  
  124  7:32  Hydralisk  
  128  7:37  Zerg Melee Weapons Level 2  
  128  7:46  Spire  
  128  7:49  Zergling x16  
  134  7:53  Overlord  
  134  7:54  Overlord  
  134  7:56  Overlord  
  134  7:59  Overlord  
  134  8:17  Zergling x28  
  146  8:27  Drone x5  
  147  8:38  Centrifical Hooks  
  147  8:42  Extractor  
  146  8:52  Infestation Pit  
  146  8:54  Drone  
  146  8:55  Drone  
  147  8:58  Corruptor x8  
  163  9:08  Overlord x2  
  163  9:09  Drone x5  
  166  9:10  Drone  
  166  9:13  Drone x3  
  168  9:22  Overlord x3  
  168  9:29  Baneling  
  168  9:30  Baneling x16  
  168  9:35  Hive  
  166  9:40  Drone x5  
  170  9:49  Corruptor x3  
  176  9:52  Corruptor  
  176  9:53  Extractor  
  177  10:00  Zergling x16  
  177  10:06  Hatchery  
  184  10:16  Zergling x20  
  184  10:19  Baneling x7  
  184  10:20  Baneling  
  194  10:22  Baneling  
  194  10:25  Baneling x10  
  194  10:26  Baneling  
  194  10:33  Hydralisk x2  
  194  10:34  Hydralisk  
  200  10:37  Evolution Chamber  
  200  10:41  Overseer x2  
  199  10:50  Greater Spire, Adrenal Glands  
  198  11:06  Zerg Melee Weapons Level 3  
  198  11:08  Evolution Chamber, Zergling x2  
  198  11:09  Zergling x8  
  198  11:11  Extractor, Baneling x21  
  155  12:03  Zergling x86  
  155  12:04  Zergling x2  
  155  12:05  Zergling x2  
  199  12:09  Zerg Missile Weapons Level 1  
  199  12:14  Overseer  
  199  12:25  Zerg Ground Armor Level 1  
  199  12:43  Brood Lord x12  
  170  12:53  Infestor x2  
  170  12:55  Zergling x2  
  170  12:56  Zergling x24  
  170  12:57  Zergling x2  
  188  12:59  Zergling x2  
  188  13:00  Zergling x4  
  188  13:01  Zergling x2  
  188  13:04  Zergling x4  
  194  13:09  Baneling x2  
  194  13:10  Baneling x8  
  192  13:15  Baneling x8  
  192  13:23  Baneling x11  
  192  13:31  Baneling x8  
  184  13:46  Corruptor x4  
  170  13:55  Zergling x2  
  170  13:56  Zergling x26  
  170  13:59  Corruptor  
  178  14:03  Corruptor  
  178  14:05  Corruptor  
  178  14:09  Overlord x2  
  177  14:18  Baneling x4  
  177  14:22  Baneling x16  
  169  14:27  Brood Lord  
  169  14:30  Extractor  
  170  14:37  Brood Lord  
  174  14:38  Brood Lord  
  174  14:39  Drone  
  174  14:40  Drone x2  
  174  14:45  Brood Lord  
  179  14:51  Brood Lord  
  181  14:53  Zergling x8  
  181  14:54  Zergling x2  
  181  14:57  Hatchery  
  185  15:03  Brood Lord x2  
  185  15:06  Spine Crawler  
  188  15:08  Spine Crawler  
  188  15:13  Zergling x12  
  193  15:21  Spine Crawler  
  193  15:22  Overseer x2  
  193  15:26  Overlord x3  
  192  15:34  Spire  
  190  15:38  Zerg Flyer Armor Level 1  
  190  15:41  Overlord  
  190  15:51  Overseer  
  190  15:52  Corruptor x3  
  190  15:56  Spore Crawler  
  195  15:57  Overseer, Spine Crawler  
  194  16:05  Corruptor  
  194  16:06  Corruptor  
  198  16:16  Corruptor x2  
  194  16:22  Corruptor x2  
  198  16:31  Corruptor x2  
  199  16:40  Baneling  
  199  16:41  Baneling x16  
  199  16:48  Overseer x3  
  199  16:55  Zerg Flyer Weapons Level 1  
  199  17:07  Corruptor  
  198  17:12  Zerg Missile Weapons Level 2  
  198  17:13  Zerg Ground Armor Level 2  
  198  17:20  Drone  
  198  17:21  Hatchery  
  198  17:34  Zergling x2  
  199  17:39  Zerg Flyer Armor Level 2  
  199  17:41  Ultralisk Cavern  
  195  17:52  Spore Crawler  
  195  17:54  Spore Crawler  
  195  17:55  Spore Crawler  
  195  17:57  Spore Crawler  
  195  17:58  Corruptor x5  
  197  18:18  Drone x3  
  200  18:20  Spore Crawler  
  200  18:26  Spore Crawler x3  
  196  18:28  Hatchery  
  195  18:38  Chitinous Plating  
  195  18:41  Hatchery  
  195  18:43  Zergling x2  
  195  18:44  Zergling x10  
  200  18:53  Zerg Flyer Weapons Level 2  
  200  18:58  Burrow  
  192  19:23  Corruptor x3  
  196  19:47  Viper  
  199  20:04  Zergling x6  
  198  20:10  Zergling x16  
  184  20:40  Viper x2  
  184  20:41  Corruptor x9  
  200  20:50  Baneling  
  200  20:52  Baneling x2  
  200  20:53  Baneling x5  
  200  21:29  Spine Crawler  
  200  21:30  Drone  
  200  21:31  Spore Crawler, Spine Crawler  
  198  21:33  Spine Crawler x2  
  196  21:45  Spine Crawler  
  195  21:47  Spine Crawler  
  195  21:54  Zergling x14  
  200  22:04  Extractor  
  191  22:23  Zergling x18  
  200  22:36  Spore Crawler x4  
  196  22:37  Spore Crawler  
  196  22:51  Zergling x10  
  186  23:14  Ultralisk x2  
  186  23:19  Zergling x4  
  200  23:26  Baneling x14  
  187  23:36  Hatchery  
  187  23:38  Brood Lord  
  187  23:39  Brood Lord x6  
  195  24:03  Hatchery  
  195  24:08  Zergling x20  
Show
View Real Time Build Order
Export as new Build Order

DisK Protoss 

Build Orders: 1 Gate Expand, Oracle Opening, Phoenix Opening, Mass Phoenix 

Get SALT Encoding   

  12  0:00  Probe  
  13  0:12  Probe  
  14  0:19  Pylon  
  14  0:24  Probe  
  15  0:33  Probe  
  15  0:41  Probe  
  16  0:44  Gateway  
  16  0:47  Assimilator  
  17  0:51  Probe  
  18  1:00  Probe  
  19  1:08  Probe  
  20  1:25  Nexus  
  20  1:35  Cybernetics Core  
  20  1:38  Probe  
  21  1:44  Assimilator  
  21  1:50  Probe  
  22  1:54  Pylon  
  22  2:02  Probe  
  22  2:03  Adept  
  23  2:15  Probe  
  26  2:18  Stargate  
  26  2:26  Warp Gate  
  26  2:27  Probe  
  27  2:30  Adept  
  27  2:33  Probe  
  28  2:39  Probe  
  28  2:41  Probe  
  31  2:51  Probe  
  31  2:55  Probe  
  31  2:58  Phoenix  
  33  3:05  Probe  
  36  3:09  Probe  
  37  3:13  Gateway  
  37  3:17  Probe  
  38  3:21  Probe  
  38  3:23  Assimilator, Oracle  
  38  3:24  Assimilator  
  40  3:29  Probe  
  40  3:33  Probe  
  42  3:36  Shield Battery  
  42  3:39  Pylon  
  42  3:41  Probe  
  44  3:48  Probe  
  44  3:49  Stargate  
  44  3:53  Probe  
  45  4:00  Probe  
  45  4:02  Phoenix  
  48  4:05  Probe  
  49  4:10  Pylon, Probe  
  49  4:14  Probe  
  50  4:17  Pylon  
  50  4:18  Probe  
  52  4:27  Phoenix  
  52  4:29  Probe  
  54  4:31  Phoenix  
  54  4:36  Probe  
  54  4:37  Adept  
  60  4:38  Adept  
  62  4:51  Phoenix  
  64  4:53  Pylon, Phoenix  
  66  5:05  Nexus  
  66  5:08  Pylon  
  66  5:15  Probe x2  
  68  5:23  Phoenix  
  68  5:24  Phoenix  
  68  5:27  Probe x2  
  74  5:42  Probe x2  
  76  5:44  Robotics Facility  
  76  5:45  Robotics Facility, Sentry  
  78  5:50  Pylon  
  78  5:54  Probe  
  78  5:56  Gateway  
  79  5:58  Shield Battery  
  79  5:59  Probe  
  79  6:04  Forge  
  80  6:06  Sentry  
  80  6:08  Sentry  
  80  6:09  Probe  
  85  6:11  Probe  
  84  6:25  Immortal  
  84  6:28  Immortal, Probe x3  
  87  6:33  Shield Battery  
  87  6:35  Pylon  
  87  6:36  Robotics Bay  
  95  6:40  Probe  
  95  6:41  Probe  
  95  6:42  Probe  
  98  6:49  Probe  
  98  6:50  Assimilator  
  98  6:51  Assimilator  
  98  6:53  Pylon, Probe  
  99  6:55  Protoss Ground Weapons Level 1  
  99  6:57  Probe  
  101  7:06  Gateway x2  
  101  7:13  Observer  
  101  7:14  Gateway  
  101  7:16  Gateway  
  101  7:17  Colossus  
  101  7:18  Probe  
  101  7:19  Extended Thermal Lance  
  103  7:24  Sentry x2  
  103  7:25  Stalker  
  103  7:28  Colossus  
  119  7:51  Pylon x2  
  119  7:53  Pylon  
  119  7:55  Nexus  
  119  7:59  Pylon  
  118  8:08  Stalker x3  
  124  8:19  Probe x3  
  127  8:25  Pylon x2  
  127  8:27  Colossus x2  
  139  8:45  Twilight Council  
  139  8:46  Nexus  
  139  8:48  Pylon  
  139  8:54  Stalker, Sentry x2  
  139  8:55  Stalker x2  
  149  9:16  Stalker x2  
  153  9:18  Immortal  
  153  9:19  Protoss Ground Weapons Level 2  
  153  9:20  Gateway  
  153  9:21  Gateway  
  153  9:24  Blink  
  153  9:31  Stalker x3  
  163  9:45  Photon Cannon  
  163  9:46  Disruptor  
  163  9:47  Photon Cannon  
  163  9:49  Photon Cannon  
  163  9:54  Photon Cannon  
  163  9:55  Disruptor  
  163  10:02  Assimilator  
  163  10:03  Pylon  
  163  10:04  Assimilator  
  163  10:14  Disruptor, Photon Cannon  
  163  10:17  Photon Cannon  
  163  10:20  Observer Gravitic Boosters  
  163  10:23  Disruptor  
  163  10:35  Photon Cannon x2  
  166  10:36  Photon Cannon  
  166  10:37  Shield Battery  
  166  10:42  Gateway  
  166  10:44  Gateway  
  166  10:45  Gateway  
  166  10:47  Templar Archives  
  166  10:48  Disruptor  
  166  10:51  Probe x3  
  166  10:52  Probe  
  166  10:56  Oracle  
  173  10:59  Disruptor  
  176  11:08  Stalker x2  
  183  11:14  Stalker  
  183  11:15  Stalker  
  187  11:19  Stalker  
  187  11:20  Stalker  
  191  11:28  Charge  
  191  11:31  Dark Shrine  
  191  11:53  Protoss Ground Weapons Level 3  
  175  12:02  Assimilator  
  175  12:05  Stalker  
  175  12:06  Stalker x8  
  175  12:07  Assimilator  
  193  12:09  Disruptor  
  196  12:26  Protoss Air Weapons Level 1  
  196  12:28  Fleet Beacon  
  196  12:37  Pylon  
  196  12:48  Probe x2  
  179  12:54  Probe x2  
  179  12:57  Probe x2  
  181  12:59  Stalker  
  181  13:00  Stalker x7  
  181  13:02  Probe  
  199  13:12  Graviton Catapult  
  197  13:16  Observer  
  197  13:19  Psionic Storm  
  198  13:21  Probe x2  
  144  13:51  Stalker x6  
  144  13:52  Stalker x4  
  137  14:05  Stalker x2  
  137  14:06  Probe x2  
  137  14:07  Probe x2  
  139  14:25  Stalker x6  
  149  14:37  Dark Templar x3  
  153  14:40  Tempest  
  153  14:41  High Templar  
  153  14:42  High Templar x2  
  153  14:45  Observer  
  160  14:46  Tempest  
  172  15:05  Zealot x2  
  176  15:12  Colossus  
  180  15:32  Nexus  
  180  15:33  Pylon  
  180  15:35  High Templar x4  
  184  15:37  Tempest  
  184  15:39  Archon  
  184  15:40  Archon  
  184  15:41  High Templar  
  184  15:42  Zealot x2  
  188  15:43  Zealot x2  
  190  15:55  Tempest  
  186  16:24  Stalker x4  
  194  16:28  Pylon  
  194  16:31  Protoss Air Weapons Level 2  
  194  16:41  Pylon  
  194  16:43  Pylon  
  194  16:52  Pylon  
  194  16:53  Pylon  
  194  16:59  Nexus  
  192  17:12  Zealot  
  192  17:13  Zealot  
  196  17:17  Stalker x2  
  200  17:48  Zealot  
  187  17:54  Probe x2, Zealot x2  
  187  17:55  Probe  
  180  18:02  Probe x2, Oracle  
  174  18:08  Probe  
  174  18:10  Probe x2  
  174  18:11  High Templar x3  
  186  18:18  High Templar  
  186  18:19  Zealot x4  
  198  18:22  Archon x2  
  198  18:32  Zealot  
  190  19:29  Nexus  
  189  19:31  Zealot x2  
  189  19:32  Zealot  
  195  19:43  Nexus  
  191  20:03  Zealot x3  
  191  20:04  Zealot x2  
  191  20:33  Pylon  
  191  20:36  Protoss Air Weapons Level 3  
  191  20:44  Oracle  
  194  20:57  Void Ray  
  198  21:12  Tempest  
  198  21:36  Void Ray  
  194  21:53  Void Ray  
  194  21:54  Assimilator  
  194  21:55  Assimilator  
  194  21:57  Pylon  
  198  22:09  Tempest  
  170  22:27  Probe x2  
  170  22:28  Probe x2  
  180  22:35  Probe x2  
  180  22:40  Probe x2  
  184  22:57  Zealot x2  
  184  22:58  Zealot x3  
  182  23:22  High Templar x2  
  182  23:26  Archon  
  186  23:28  Stalker  
  188  23:35  Probe x3  
  188  23:37  Probe  
  157  24:13  Stalker x2  
Tags
 
Add a new tag
Caveats
  • Supply blocks, unpowered buildings, or Contaminate may cause inaccurate times.
  • Supply counts are checked every 10 seconds.